 Dungeon Crawl Stone Soup version 0.21.1-1-g345015f (webtiles) character file.

137 Kairos the Covered (level 5, -1/41 HPs)
             Began as a Human Fighter on Mar 29, 2018.
             Slain by a gnoll
             ... wielding a +0 spear
              (5 damage)
             ... on level 3 of the Dungeon.
             The game lasted 00:03:02 (1594 turns).

Kairos the Covered (Human Fighter)                  Turns: 1594, Time: 00:03:03

Health: -1/41      AC:  8    Str: 17    XL:     5   Next: 44%
Magic:  5/5        EV:  7    Int:  8    God:
Gold:   211        SH:  9    Dex: 13    Spells: 4/4 levels left

rFire    . . .     SeeInvis .   a - +0 war axe
rCold    . . .     Gourm    .   c - +0 shield
rNeg     . . .     Faith    .   b - +0 scale mail
rPois    .         Spirit   .   (no helmet)
rElec    .         Reflect  .   n - scarf {cloud immunity}
rCorr    .         Harm     .   e - +0 pair of gloves
MR       .....                  (no boots)
Stlth    ..........             (no amulet)
HPRegen  0.13/turn              k - ring of wizardry
MPRegen  0.09/turn              (no ring)

@: no status effects
A: no striking features
a: no special abilities


You were on level 3 of the Dungeon.
You were not hungry.

You visited 1 branch of the dungeon, and saw 3 of its levels.

You collected 211 gold pieces.

Inventory:

Hand Weapons
 a - a +0 war axe (weapon)
Armour
 b - a +0 scale mail (worn)
 c - a +0 shield (worn)
 e - a +0 pair of gloves (worn)
 n - a scarf of cloud immunity (worn)
 q - a +0 cloak
Jewellery
 k - a ring of wizardry (left hand)
Scrolls
 g - 3 scrolls of remove curse
 i - 2 scrolls of teleportation {unknown}
 l - a scroll of blinking {unknown}
 m - a scroll of fear {unknown}
 p - a scroll of enchant armour {unknown}
 r - 2 scrolls of fog {unknown}
 t - a scroll of identify {unknown}
 u - a scroll of immolation {unknown}
 w - a scroll of noise {unknown}
Potions
 d - a potion of might
 h - a potion of agility {unknown}
 j - a potion of ambrosia {unknown}
 o - a potion of heal wounds {unknown}
 s - a potion of curing {unknown}
 x - a potion of haste
Comestibles
 f - 5 rations


   Skills:
 + Level 3.6 Fighting
 + Level 3.5 Axes
 + Level 3.7 Armour
 + Level 0.7 Dodging
 + Level 3.5 Shields


You had 4 spell levels left.
You didn't know any spells.

Dungeon Overview and Level Annotations

Branches:
Dungeon (3/15)

Altars:


Message History

* * * LOW HITPOINT WARNING * * *
Your shield and scale mail prevent you from hitting the gnoll.
The gnoll is severely wounded.
The gnoll hits you with a halberd.
* * * LOW HITPOINT WARNING * * *
You closely miss the gnoll.
The gnoll is severely wounded.
You block the gnoll's attack.
You closely miss the gnoll.
The gnoll is severely wounded.
The gnoll barely misses you. You block the gnoll's attack.
You slash the gnoll!
You kill the gnoll!
The gnoll hits you.
* * * LOW HITPOINT WARNING * * *
The gnoll barely misses you. The gnoll hits you.
* * * LOW HITPOINT WARNING * * *
The gnoll hits you from afar with a spear.
You die...

## #######
.###.....########
..)g............#
%###.#......###.# ##
#.##..#...##.########
#
#.##.........@......#
#
#.....#...##g######.#
# ####.###.###g# #.#
# #.........# #.### #
#####.##### #...#
##+# ###.# ##...##
#.# ##.....## ####.#
##.......## ##.##.#


You could see 2 gnolls.

Vanquished Creatures
  5 adders (D:2)
  A gnoll (D:3)
  2 oozes
  2 worms
  A dart slug (D:1)
  An orc (D:3)
  2 ball pythons
  7 goblins
  8 hobgoblins
  13 jackals
  A quokka (D:2)
  7 bats
  2 frilled lizards (D:2)
  3 kobolds
  7 rats
62 creatures vanquished.

Notes
Turn   | Place    | Note
-------+----------+-------------------------------------------
     0 | D:1      | Kairos the Human Fighter began the quest for the Orb.
     0 | D:1      | Reached XP level 1. HP: 18/18 MP: 1/1
    38 | D:1      | Reached XP level 2. HP: 20/24 MP: 2/2
   442 | D:1      | Reached XP level 3. HP: 25/29 MP: 3/3
   663 | D:2      | Reached XP level 4. HP: 17/35 MP: 4/4
  1262 | D:2      | Reached XP level 5. HP: 35/41 MP: 5/5
  1594 | D:3      | Slain by a gnoll

Skill      XL: |  1  2  3  4 |
---------------+-------------+-----
Axes           | 3 |  3.5
Fighting       | |  3.6
Armour         | |  3.7
Dodging        | |  0.7
Shields        | |  3.5

Action                   |  1- 3 |  4- 6 || total
-------------------------+-------+-------++-------
Melee: War axe           |    68 |   127 ||   195
  Use: Scroll            |       |     1 ||     1
  Eat: Chunk             |       |     3 ||     3
Armor: Scale mail        |    37 |    58 ||    95
Dodge: Dodged            |    25 |    42 ||    67
Block: Shield            |    35 |    82 ||   117
